 Dungeon Crawl Stone Soup version 0.29.1-1-gd02db69 (webtiles) character file.

Game seed: 2433499410492508184

453 Dorkslayer the Chopper (level 7, 0/90 HPs)
             Began as a Hill Orc Fighter on Oct 18, 2022.
             Slain by Duvessa
             ... wielding a +0 short sword
              (7 damage)
             ... on level 4 of the Dungeon.
             The game lasted 00:06:52 (2903 turns).

Dorkslayer the Chopper (Hill Orc Fighter)           Turns: 2903, Time: 00:06:53

Health: 0/90       AC: 13    Str: 21    XL:     7   Next: 5%
Magic:  7/7        EV:  6    Int:  8    God:
Gold:   205        SH:  4    Dex: 10    Spells: 6/6 levels left

rFire   . . .      SeeInvis .   a - +0 war axe
rCold   . . .      Faith    .   c - +0 buckler
rNeg    + . .      Spirit   .   e - +0 plate armour
rPois   .          Reflect  .   j - +0 helmet
rElec   .          Harm     .   (no cloak)
rCorr   .          Rampage  .   (no gloves)
Will    +....                   (no boots)
Stlth   ..........              (no amulet)
HPRegen 0.25/turn               g - ring of willpower
MPRegen 0.10/turn               s - ring of positive energy

@: mighty, berserking, very quick
A: no striking features
a: no special abilities


You were on level 4 of the Dungeon.
You visited 1 branch of the dungeon, and saw 4 of its levels.

You collected 205 gold pieces.

Inventory:

Hand Weapons
 a - a +0 war axe (weapon)
 h - a +0 war axe
Armour
 c - a +0 buckler (worn)
 e - a +0 plate armour (worn)
 j - a +0 helmet (worn)
Jewellery
 g - a ring of willpower (left hand)
 s - a ring of positive energy (right hand)
Wands
 v - a wand of iceblast (3)
 w - a wand of charming (9)
Scrolls
 b - a scroll of blinking
 l - 2 scrolls of silence
 m - 4 scrolls of teleportation
 p - 2 scrolls of immolation
 q - a scroll of amnesia {unknown}
 t - a scroll of summoning {unknown}
 x - a scroll of vulnerability {unknown}
Potions
 i - a potion of heal wounds {unknown}
 k - a potion of magic {unknown}
 n - a potion of haste {unknown}
 o - a potion of brilliance
 u - a potion of curing {unknown}


   Skills:
 + Level 4.6 Fighting
 + Level 6.4 Axes
 + Level 4.4 Armour
 + Level 1.7 Dodging
 + Level 3.8 Shields
 * Level 2.4 Evocations


You had 6 spell levels left.
You didn't know any spells.
Your spell library contained the following spells:

 Spells                   Type           Power      Damage    Failure   Level
 Conjure Flame            Conj/Fire      0%         6-21      100%        3
 Ignite Poison            Fire/Tmut/Pois 0%         N/A       100%        3
 Sticky Flame             Conj/Fire      0%         2d3       100%        4
 Malign Gateway           Summ/Tloc      0%         N/A       100%        7
 Summon Horrible Things   Summ           0%         N/A       100%        8


Dungeon Overview and Level Annotations

Branches:
Dungeon (4/15)
 Temple: D:4-7

Altars:
Yredelemnul

Shops:
D:4 (

Annotations:
D:4 Duvessa


Message History

Something hits you but does no damage.
You hit something but do no damage. Something hits you.
You hit something. Something hits you but does no damage.
You block the quokka's attack.
You closely miss something.
Dowan shouts!
You hit the quokka.
The quokka bites you but does no damage.
Something hits you but does no damage.
The quokka bites you but does no damage.
You hit something. You hit the quokka. Something hits you!
You block the quokka's attack.
Dowan casts a spell.
Dowan blinks!
Something hits you!
You miss something. You closely miss the quokka.
The quokka bites you but does no damage.
Something hits you. The quokka bites you.
You barely miss something. You closely miss the quokka.
The quokka closely misses you. Something hits you but does no damage.
Unknown command.
You feel very mighty all of a sudden. The quokka barely misses you.
You block something's attack. Dowan hits you but does no damage.
You slash Dowan!
Dowan is heavily wounded.
You hit something. You slash the quokka!
You kill the quokka!
Something hits you but does no damage. Dowan closely misses you.
You barely miss something. You slash Dowan!
You kill Dowan!
Something screams in a voice full of rage, "No, no!"
Something hits you but does no damage. Something hits you!
* * * LOW HITPOINT WARNING * * *
You have reached level 7!
It was a potion of berserk rage.
A red film seems to cover your vision as you go berserk!
You feel yourself moving faster!
You feel mighty! Something hits you!
* * * LOW HITPOINT WARNING * * *
Something hits you!
You die...

........?# ..........#
...≈......# #.≈......#
#.≈......# #.≈......##
#.........###
#......[....#
#._....#@.#..#
#.......){##.
#.............
#.≈......###..
#.#####.≈......####...
♣♣#.......≈..........
.. .♣ ##..≈..∩..!####
. .♣ ####..........#
.♣ #..).#........#


There were no monsters in sight!

Vanquished Creatures
  Grinder (D:3)
  A phantom (D:4)
  Dowan (D:4)
  Ijyb (D:3)
  Robin (D:3)
  3 adders
  A worm (D:2)
  A dart slug (D:2)
  5 orcs
  3 ball pythons
  8 endoplasms
  3 giant cockroaches
  12 goblins
  9 hobgoblins
  7 kobolds
  3 quokkas
  5 bats
  5 frilled lizards
  4 rats
74 creatures vanquished.

Notes
Turn   | Place    | Note
-------+----------+-------------------------------------------
     0 | D:1      | Dorkslayer the Hill Orc Fighter began the quest for the
                  | Orb.
     0 | D:1      | Reached XP level 1. HP: 19/19 MP: 1/1
   386 | D:1      | Reached XP level 2. HP: 27/27 MP: 2/2
   563 | D:1      | Found a faded altar of an unknown god.
   961 | D:1      | Reached skill level 3 in Axes
  1396 | D:2      | Reached XP level 3. HP: 33/33 MP: 3/3
  1569 | D:2      | Reached skill level 1 in Dodging
  2148 | D:3      | Reached XP level 4. HP: 40/40 MP: 4/4
  2222 | D:3      | Noticed Robin
  2235 | D:3      | Killed Robin
  2236 | D:3      | Reached skill level 4 in Axes
  2355 | D:3      | Noticed Ijyb
  2364 | D:3      | Killed Ijyb
  2463 | D:3      | Noticed Grinder
  2481 | D:3      | Killed Grinder
  2482 | D:3      | Reached skill level 5 in Axes
  2482 | D:3      | Reached skill level 1 in Evocations
  2482 | D:3      | Reached XP level 5. HP: 30/47 MP: 5/5
  2482 | D:3      | Reached XP level 6. HP: 33/53 MP: 6/6
  2842 | D:4      | Reached skill level 6 in Axes
  2845 | D:4      | Found Caegom Achodgh's Weapon Shop.
  2847 | D:4      | Found a basalt altar of Yredelemnul.
  2886 | D:4      | Noticed Duvessa
  2888 | D:4      | Noticed Dowan
  2902 | D:4      | Killed Dowan
  2903 | D:4      | Reached XP level 7. HP: 13/60 MP: 7/7
  2903 | D:4      | Slain by Duvessa

Illustrated notes

Levels and vault maps discovered:
D:1:      dpeg_arrival_fog, layout_basic, hellmonk_ecumenical_altar_lost_god,
          chequers_mini_garden, kennysheep_another_room
D:2:      layout_basic
D:3:      layout_basic, st_stairs_13, uniq_grinder, uniq_ijyb, uniq_robin
D:4:      layout_rooms, mainiacjoe_overflow_boulevard, serial_shops, shop,
          kennysheep_dice, uniq_duvessa

Skill      XL: |  1  2  3  4  5  6 |
---------------+-------------------+-----
Axes           | 3 5 6 |  6.4
Dodging        | 1 |  1.7
Fighting       | 4 |  4.6
Armour         | 4 |  4.4
Evocations     | 1 2 |  2.4
Shields        | |  3.8

Action                   |  1- 3 |  4- 6 |  7- 9 || total
-------------------------+-------+-------+-------++-------
Melee: War axe           |   112 |   100 |       ||   212
Evoke: Wand              |       |     3 |       ||     3
  Use: Scroll            |       |     6 |       ||     6
       Potion            |       |     1 |     1 ||     2
Armor: Plate armour      |    81 |    73 |       ||   154
Dodge: Dodged            |    39 |    23 |       ||    62
Block: Buckler           |    31 |    25 |       ||    56
